 Dungeon Crawl Stone Soup version 0.28.0-43-g3370ac3207 (webtiles) character file.

Game seed: 8066750855411724414

1869 pkoi the Firebug (level 9, 0/51 HPs)
             Began as an Octopode Fire Elementalist on Mar 18, 2022.
             Was a Believer of Vehumet.
             Killed from afar by an orc wizard (7 damage)
             ... with a magic dart
             ... on level 7 of the Dungeon.
             The game lasted 00:09:14 (8890 turns).

pkoi the Firebug (Octopode Fire Elementalist)       Turns: 8890, Time: 00:09:15

Health: 0/51       AC:  1    Str:  8    XL:     9   Next: 13%
Magic:  8/14       EV: 17    Int: 21    God:    Vehumet [**....]
Gold:   370        SH:  0    Dex: 12    Spells: 1/14 levels left

rFire   . . .      SeeInvis .   c - +6 dagger
rCold   + . .      Faith    .   (no shield)
rNeg    + . .      Spirit   .   (helmet restricted)
rPois   +          Reflect  .   e - amulet of magic regeneration
rElec   .          Harm     .   d - +4 ring of evasion
rCorr   .          Rampage  .   k - ring of positive energy
Will    .....                   o - ring of protection from cold
Stlth   ++++......              j - ring of poison resistance
HPRegen 0.17/turn               (no ring)
MPRegen 0.54/turn               (no ring)
                                (no ring)
                                (no ring)

@: very slightly contaminated
A: almost no armour, amphibious, 8 rings, camouflage 1, gelatinous body 1,
(nimble swimmer 1), tentacles
a: Renounce Religion


You were on level 7 of the Dungeon.
You worshipped Vehumet.
Vehumet was pleased with you.
You visited 2 branches of the dungeon, and saw 8 of its levels.

You collected 370 gold pieces.

Inventory:

Hand Weapons
 a - a +0 short sword
 c - a +6 dagger (weapon)
Armour
 q - an orb of energy
Jewellery
 d - a +4 ring of evasion (left tentacle)
 e - an amulet of magic regeneration (around mantle)
 j - a ring of poison resistance (on tentacle)
 k - a ring of positive energy (right tentacle)
 o - a ring of protection from cold (on tentacle)
 w - an amulet of regeneration
Wands
 g - a wand of paralysis (5)
 h - a wand of mindburst (21)
 n - a wand of acid (12)
Scrolls
 f - 2 scrolls of fear
 p - a scroll of magic mapping
 s - a scroll of blinking
 v - 3 scrolls of identify
Potions
 b - a potion of might
 i - a potion of brilliance
 l - a potion of flight {unknown}
 m - a potion of cancellation
 r - 2 potions of curing {unknown}
 t - a potion of mutation {unknown}
 u - 2 potions of heal wounds {unknown}


   Skills:
 - Level 2.0 Dodging
 - Level 6.0 Stealth
 - Level 3.3 Spellcasting
 + Level 5.6 Conjurations
 + Level 5.0 Hexes
 + Level 6.3 Fire Magic
 + Level 4.4 Evocations


You had one spell level left.
You knew the following spells:

 Your Spells              Type           Power      Damage    Failure   Level
a - Foxfire               Conj/Fire      100%       2x1d9     1%          1
b - Scorch                Fire           60%        2d8       1%          2
c - Inner Flame           Hex/Fire       27%        N/A       3%          3
d - Flame Wave            Conj/Fire      28%        2d8       11%         4
e - Conjure Flame         Conj/Fire      28%        6-21      3%          3

Your spell library contained the following spells:

 Spells                   Type           Power      Damage    Failure   Level
 Searing Ray              Conj           54%        2d6       1%          2
 Beastly Appendage        Tmut           6%         N/A       13%         1
 Portal Projectile        Hex/Tloc       28%        N/A       14%         3
 Wereblood                Tmut           3%         N/A       19%         2
 Call Canine Familiar     Summ           3%         N/A       36%         3
 Spider Form              Tmut/Pois      3%         N/A       36%         3
 Leda's Liquefaction      Hex/Erth       7%         N/A       41%         4


Dungeon Overview and Level Annotations

Branches:
Dungeon (7/15)             Temple (1/1) D:4

Altars:
Ashenzari
Cheibriados
Elyvilon
Gozag
Hepliaklqana
Kikubaaqudgha
Nemelex Xobeh
Qazlal
Sif Muna
Uskayaw
Vehumet
Wu Jian
Xom
Zin
The Shining One

Shops:
D:1 ?


Innate Abilities, Weirdness & Mutations

You cannot wear most types of armour.
You are amphibious.
You can wear up to eight rings at the same time.
Your skin changes colour to match your surroundings (Stealth+).
Your rubbery body absorbs attacks. (AC +1, EV +1)
((You are camouflaged when in or above water. (Stealth+)))
You have tentacles for arms and can constrict up to eight enemies at once.


Message History

The orc warrior's fire resistance burns away.
You hear a shout! x2
An orc wizard comes into view. It is wielding a +0 dagger.
You hear a shout!
Casting: Scorch (safe; 1% risk of failure)
Confirm with . or Enter, or press ? or * to list all spells.
You miscast Scorch.
You are very lightly contaminated with residual magic.
Nothing appears to happen.
The orc warrior hits you from afar with a +0 trident!
Casting: Scorch (safe; 1% risk of failure)
Confirm with . or Enter, or press ? or * to list all spells.
Flames lash the orc wizard.
The orc wizard is moderately wounded.
The orc wizard's fire resistance burns away.
The orc wizard mumbles some strange words.
The orc wizard flickers and vanishes!
Deactivating autopickup; reactivate with Ctrl-A.
The orc warrior hits you from afar with a +0 trident!
* * * LOW HITPOINT WARNING * * *
Casting: Scorch (safe; 1% risk of failure)
Confirm with . or Enter, or press ? or * to list all spells.
Flames lash the orc warrior.
The orc warrior is burned terribly!
The orc warrior is moderately wounded.
The orc warrior closely misses you.
Unknown command.
Casting: Scorch (safe; 1% risk of failure)
Confirm with . or Enter, or press ? or * to list all spells.
Flames lash the orc warrior.
The orc warrior is burned terribly!
The orc warrior is moderately wounded.
The orc warrior hits you from afar with a +0 trident!
* * * LOW HITPOINT WARNING * * *
Unknown command.
An orc comes into view. It is wielding a +0 mace.
A magic dart appears from out of thin air!
The magic dart hits you!
* * * LOW HITPOINT WARNING * * *
A magic dart appears from out of thin air!
The magic dart hits you!
You die...

. # ### #.))† #..
.....## #.# #.#.
#.# .. #.# # ..
#.#.# # # #
######.#.#
#...#.####.@......#
.....o.o{..####.###
......###### #.#
..... #.# #... #.#
##. #.# # #.#
####.# #....#


You could see an orc warrior (combustible) and an orc (wandering).

Vanquished Creatures
  An ice beast (D:6)
  2 necrophages
  A sky beast (D:7)
  6 ogres
  A phantom (D:7)
  A kobold brigand (D:7)
  A gnoll sergeant (D:6)
  A scorpion (D:5)
  A water moccasin skeleton (D:3)
  A howler monkey (D:7)
  A centaur zombie (D:5)
  A jelly (D:5)
  2 hounds (D:5)
  A bullfrog skeleton (D:6)
  4 iguanas
  2 orc wizards (D:6)
  3 hound skeletons
  A howler monkey zombie (D:6)
  11 gnolls
  9 adders
  2 white imps
  3 ufetubi
  An adder skeleton (D:4)
  A worm (D:3)
  4 dart slugs
  8 orcs
  7 bats
  6 endoplasms
  3 giant cockroaches
  5 goblins
  5 hobgoblins
  2 jackals (D:3)
  6 quokkas
  7 ball pythons
  3 frilled lizards
  12 kobolds
  A quokka skeleton (D:4)
  10 rats
137 creatures vanquished.

Vanquished Creatures (collateral kills)
  7 foxfires (D:3)
7 creatures vanquished.

Vanquished Creatures (others)
  521 foxfires
521 creatures vanquished.

Grand Total: 665 creatures vanquished

Notes
Turn   | Place    | Note
-------+----------+-------------------------------------------
     0 | D:1      | pkoi the Octopode Fire Elementalist began the quest for the
                  | Orb.
     0 | D:1      | Reached XP level 1. HP: 11/11 MP: 3/3
   527 | D:1      | Reached XP level 2. HP: 17/17 MP: 1/5
   593 | D:1      | Learned a level 2 spell: Scorch
  1154 | D:1      | Found Uskesh's Magic Scroll Shoppe.
  1315 | D:1      | Reached XP level 3. HP: 18/21 MP: 3/6
  2160 | D:2      | Reached XP level 4. HP: 20/27 MP: 1/8
  2243 | D:2      | Learned a level 3 spell: Inner Flame
  3516 | D:3      | Reached skill level 1 in Hexes
  3516 | D:3      | Reached XP level 5. HP: 31/31 MP: 6/9
  3521 | D:3      | Learned a level 4 spell: Flame Wave
  3917 | D:3      | Found a radiant altar of Vehumet.
  4048 | D:3      | Became a worshipper of Vehumet
  4673 | D:4      | Found a staircase to the Ecumenical Temple.
  4681 | Temple   | Entered the Ecumenical Temple
  4973 | D:4      | Reached XP level 6. HP: 36/36 MP: 8/10
  5057 | D:4      | Found a glowing golden altar of the Shining One.
  5703 | D:5      | Entered Level 5 of the Dungeon
  5889 | D:5      | Reached XP level 7. HP: 41/41 MP: 7/12
  5913 | D:5      | Reached skill level 1 in Evocations
  6101 | D:5      | Found a shimmering blue altar of Sif Muna.
  6120 | D:5      | Reached skill level 5 in Fire Magic
  6259 | D:5      | Reached * piety under Vehumet
  6259 | D:5      | Offered knowledge of Freeze by Vehumet.
  6646 | D:5      | Reached XP level 8. HP: 46/46 MP: 11/13
  6894 | D:6      | Found a glowing silver altar of Zin.
  7112 | D:6      | Reached skill level 5 in Stealth
  7505 | D:6      | Reached skill level 5 in Conjurations
  7514 | D:6      | Learned a level 3 spell: Conjure Flame
  8467 | D:7      | Reached XP level 9. HP: 41/51 MP: 3/14
  8820 | D:7      | Reached ** piety under Vehumet
  8820 | D:7      | Offered knowledge of Searing Ray by Vehumet.
  8821 | D:7      | Reached skill level 5 in Hexes
  8890 | D:7      | Killed from afar by an orc wizard

Illustrated notes

Levels and vault maps discovered:
D:1:      dpeg_arrival_ratfight, layout_basic, serial_shops,
          nicolae_shop_competitors_out_of_business
D:2:      layout_basic, corexii_item_surrounded_by_moat, grunt_ministairs_13
D:3:      layout_loops_ring, mainiacjoe_overflow_alcove_1, minmay_hedge_maze
D:4:      layout_rooms, mainiacjoe_overflow_small_starburst,
          minmay_temple_entry_junction
D:5:      layout_basic, old_standard_altar
D:6:      layout_loops_corners, zin_treasury, serial_rivers,
          chequers_serial_rivers_micro_a, chequers_serial_rivers_micro_e,
          chequers_serial_rivers_large_a, chequers_serial_rivers_micro_c,
          chequers_serial_rivers_large_b, chequers_serial_rivers_small_a,
          hangedman_decor_opposing
D:7:      layout_loops_ring, okawaru_ov_weapons_minmay
Temple:   minmay_temple_curvy_loop

Skill      XL: |  1  2  3  4  5  6  7  8  9 |
---------------+----------------------------+-----
Conjurations   | 2 3 4 5 |  5.6
Spellcasting   | 3 |  3.3
Hexes          | 1 2 3 4 5 |  5.0
Fire Magic     | 4 5 6 |  6.3
Stealth        | 3 4 6 |  6.0
Evocations     | 2 4 |  4.4
Dodging        | |  2.0

Action                   |  1- 3 |  4- 6 |  7- 9 || total
-------------------------+-------+-------+-------++-------
Melee: Unarmed           |     9 |       |       ||     9
       Constrict         |     6 |     4 |     1 ||    11
       Tentacles         |     2 |     2 |     2 ||     6
       Short sword       |     7 |       |       ||     7
       Dagger            |    10 |    14 |     6 ||    30
 Cast: Foxfire           |    48 |   145 |   129 ||   322
       Scorch            |       |    25 |    37 ||    62
  Use: Scroll            |     1 |    10 |       ||    11
 Stab: Sleeping          |     9 |       |       ||     9
Armor: Skin              |     4 |       |       ||     4
Dodge: Dodged            |    20 |    28 |    37 ||    85
